 Dungeon Crawl Stone Soup version 0.26.1-2-gb8aa6d0 (webtiles) character file.

Game seed: 3899315432547350423

138180 catcat the Severer (level 16, -15/216 HPs)
             Began as a Purple Draconian Berserker on Jan 12, 2024.
             Was a High Priest of Trog.
             Engulfed by a cloud of freezing vapour (35 damage)
             ... on level 4 of the Shoals on Jan 16, 2024.
             The game lasted 01:14:59 (42273 turns).

catcat the Severer (Purple Draconian Berserker)    Turns: 42273, Time: 01:14:59

Health: -15/216    AC: 14    Str: 23    XL:     16   Next: 70%
Magic:  16/16      EV: 21    Int:  7    God:    Trog [*****.]
Gold:   2936       SH: 24    Dex: 21    Spells: 15/15 levels left

rFire    + . .     SeeInvis .   X - +7 war axe (vorpal)
rCold    . . .     Faith    .   v - +4 kite shield "Acri" {rF+ rC- Str+3}
rNeg     . . .     Spirit   .   (armour unavailable)
rPois    .         Reflect  +   (helmet restricted)
rElec    .         Harm     .   p - +1 cloak
rCorr    .         Rampage  .   c - +1 pair of gloves {Dex+3}
Will     +++..                  a - +0 pair of boots
Stlth    ..........             O - amulet of reflection
HPRegen  0.46/turn              k - ring of protection from cold
MPRegen  0.15/turn              U - ring of willpower

@: berserking, slowed, very slow
A: breathe power, unfitting armour, cold-blooded, AC +9
a: Breathe Dispelling Energy, Renounce Religion, Berserk, Trog's Hand, Brothers
in Arms


You were on level 4 of the Shoals.
You worshipped Trog.
Trog was extremely pleased with you.
You visited 4 branches of the dungeon, and saw 25 of its levels.
You visited 1 bazaar.

You collected 3622 gold pieces.
You spent 686 gold pieces at shops.

Inventory:

Hand Weapons
 z - a +1 broad axe
 J - the +8 flail "Upnuff" {vamp, SInv Stlth+}
   (You took it off an orc on level 11 of the Dungeon)

   It inflicts no extra harm, but heals its wielder when it wounds a living foe.
   It lets you see invisible.
   It makes you more stealthy.
 X - a +7 vorpal war axe (weapon)
Missiles
 h - 56 poisoned darts (quivered)
 A - 6 throwing nets
Armour
 a - a +0 pair of boots (worn)
 c - a +1 pair of gloves of dexterity (worn)
 p - a +1 cloak (worn)
 s - the +1 buckler of Tutzong {Dex+3}
   (You found it on level 5 of the Dungeon)

   It affects your dexterity (+3).
 v - the +4 kite shield "Acri" (worn) {rF+ rC- Str+3}
   (You found it on level 2 of the Shoals)

   It affects your strength (+3).
   It protects you from fire.
   It makes you vulnerable to cold.
 P - a +0 tower shield
 Z - the cursed +0 pair of gloves "Xehag" {+Blink rF+ SInv Stlth+}
   (You bought it in a shop on level 1 of the Shoals)

   It protects you from fire.
   It lets you see invisible.
   It lets you blink.
   It makes you more stealthy.
   It has a curse placed upon it.
Jewellery
 g - a +4 ring of protection
 k - a ring of protection from cold (left hand)
 y - an uncursed amulet of guardian spirit
 I - an uncursed ring of protection from fire
 K - an uncursed ring of ice
 M - an uncursed ring of resist corrosion
 O - an amulet of reflection (around neck)
 Q - an uncursed ring of flight
 R - an uncursed ring of positive energy
 T - the ring of Qunomics {rElec rN+ Will- Str+6 Stlth+}
   (You acquired it on level 4 of the Shoals)

   [ring of strength]

   It affects your strength (+6).
   It insulates you from electricity.
   It protects you from negative energy.
   It affects your willpower, your defense against some magical effects.
   It makes you more stealthy.
 U - a ring of willpower (right hand)
Wands
 d - a wand of random effects (51)
 o - a wand of flame (35)
 w - a wand of iceblast (39)
 W - a wand of digging (3)
Scrolls
 b - 2 scrolls of magic mapping
 i - 4 scrolls of fear
 j - 2 scrolls of immolation
 m - 4 scrolls of enchant armour
 t - 2 scrolls of fog
 u - 5 scrolls of enchant weapon
 x - 5 scrolls of teleportation
 B - 2 scrolls of summoning
 C - 3 scrolls of brand weapon
 F - 11 scrolls of remove curse
 N - 2 scrolls of vulnerability
 V - 2 scrolls of blinking
 Y - a scroll of holy word
Potions
 e - 3 potions of cancellation
 f - 8 potions of haste
 l - a potion of magic
 n - 5 potions of heal wounds
 q - a potion of berserk rage
 r - 3 potions of lignification
 D - 3 potions of attraction
 E - 3 potions of mutation
 G - 2 potions of flight
 L - 6 potions of curing
 S - a potion of might
Miscellaneous
 H - a box of beasts


   Skills:
 * Level 13.4 Fighting
 - Level 20.0 Axes
 + Level 10.2 Dodging
 - Level 15.0 Shields


You had 15 spell levels left.
You didn't know any spells.
Your spell library was empty.

Dungeon Overview and Level Annotations

Branches:
Dungeon (13/15)            Temple (0/1) D:7            Lair (6/6) D:11
 Shoals (4/4) Lair:3       Spider (0/4) Lair:4        Slime (0/5) Lair:5
    Orc (2/2) D:11            Elf (0/3) Orc:2        Vaults (0/5) D:13

Altars:
Ashenzari
Elyvilon
Makhleb
Qazlal
Ru
Uskayaw
Wu Jian
Xom
The Shining One
Beogh
Jiyva

Shops:
D:7 [   D:10 (   Orc:2 }[[[   Shoals:1 [   Shoals:3 =   Shoals:4 ?


Innate Abilities, Weirdness & Mutations

You can breathe bolts of dispelling energy.
Your rich purple scales are hard. (AC +9)
You cannot fit into any form of body armour.
You are cold-blooded and may be slowed by cold attacks.


Message History

The bolt of cold hits you!!!
* * * LOW HITPOINT WARNING * * *
You slice the frost giant!!
The frost giant is severely wounded.
You are engulfed in freezing vapours.
* * * LOW HITPOINT WARNING * * *
The merfolk javelineer throws a javelin.
The javelin pierces through you.
* * * LOW HITPOINT WARNING * * *
You hear a splash.
You slice the frost giant!!
You kill the frost giant!
Trog accepts your kill.
Trog appreciates your killing of a magic user.
You hear a splash.
You are engulfed in freezing vapours.
You feel yourself slow down.
* * * LOW HITPOINT WARNING * * *
You are engulfed in freezing vapours.
You feel as though you will be slow longer.
You die...

≈≈≈≈≈≈≈≈≈≈≈≈≈≈≈≈..#≈≈#≈#≈##≈.....
≈≈≈≈≈≈≈≈≈≈≈≈≈≈≈≈≈###≈≈:≈≈##≈.....
≈≈≈≈≈≈≈≈≈≈≈≈≈≈≈≈≈###≈#≈#≈≈##.....
≈≈≈≈≈≈≈≈.≈≈≈≈≈≈≈≈≈#≈≈≈≈≈≈≈##≈....
≈≈≈≈≈≈≈..≈≈≈≈≈≈≈≈≈##≈###≈###)....
≈≈≈≈≈≈...≈≈≈≈...≈≈≈#######≈......
≈≈≈≈≈≈..........≈≈≈###≈≈≈≈.......
≈≈≈≈≈...........≈≈≈≈≈≈≈≈≈........
≈≈≈≈≈.......≈≈≈≈@≈≈≈≈≈≈≈≈........
≈≈≈≈≈≈.....m≈≈≈≈≈°(≈≈≈≈≈≈.......[
≈≈≈≈≈≈..###≈##≈≈O))≈≈≈≈≈≈≈.....(.
≈≈≈≈≈≈..#*#####≈≈†≈≈≈≈≈≈≈≈≈≈...≈≈
≈≈≈≈≈..##,,*#≈≈#≈≈≈≈≈≈≈≈≈≈≈≈≈..(.
≈≈≈≈≈.≈#,,C≈≈≈≈#≈≈≈≈≈≈≈≈[≈≈≈≈≈(..
≈≈≈≈≈.≈#,,#≈#≈≈##≈≈≈≈≈≈≈≈≈≈≈≈≈...
≈≈≈≈≈≈≈#*≈≈m≈≈##≈≈≈≈≈≈≈≈≈≈≈≈÷≈..≈
≈≈≈≈≈≈##,m*≈#m*#≈≈≈≈≈≈≈≈≈≈≈≈≈≈≈≈≈


You could see a merfolk javelineer and a friendly two-headed ogre (summoned,
berserk).

Vanquished Creatures
  Rupert (D:12)
  2 krakens
  Kirke (Shoals:2)
  A storm dragon (D:13)
  A frost giant (Shoals:4)
  3 dire elephants (Lair:6)
  A merfolk javelineer (Shoals:4)
  3 merfolk impalers
  2 ogre magi
  The ghost of Kada the Martial Artist, a journeyman OpTm of Yredelemnul (Lair:2)
  Harold (D:8)
  A boulder beetle (D:12)
  An ice dragon (Lair:1)
  Fannar (D:11)
  3 hydras
  A catoblepas (Lair:6)
  The ghost of BoldKobold the Grappler, a novice TrBe of Trog (Lair:2)
  2 alligator snapping turtles
  An anaconda (Lair:6)
  A centaur warrior (D:13)
  7 merfolk aquamancers
  13 death yaks
  A death knight (D:13)
  A tengu warrior (D:13)
  A satyr (Shoals:3)
  9 two-headed ogres
  8 sea snakes
  A skeletal warrior (D:13)
  2 deep trolls (Orc:2)
  A deep elf archer (D:13)
  A lindwurm (Lair:6)
  An orc knight (D:13)
  2 phantasmal warriors (D:13)
  23 harpies
  3 deep elf magi (D:13)
  An orc sorcerer (Orc:2)
  9 cyclopes
  8 fauns
  18 manticores
  11 elephants
  5 merfolk sirens
  Joseph (D:8)
  10 water nymphs
  3 centaur skeletons (D:13)
  3 black mambas
  5 rime drakes
  13 cane toads
  A komodo dragon (shapeshifter) (D:13)
  9 komodo dragons
  A tengu conjurer (D:13)
  A queen bee (shapeshifter) (D:12)
  11 trolls
  A polar bear (Lair:2)
  27 merfolk
  8 wind drakes
  Prince Ribbit (D:8)
  25 blink frogs
  A hornet (D:9)
  8 snapping turtles
  13 dream sheep
  A shadow (D:13)
  2 wraiths (D:13)
  Sigmund (D:3)
  7 wyverns
  A vampire (D:11)
  9 water elementals
  35 yaks
  5 hogs (Shoals:2)
  3 basilisks
  A steam dragon (D:9)
  Grum (Lair:1)
  Menkaure (D:6)
  A warg (D:11)
  8 water moccasins
  9 orc warriors
  3 ice beasts
  4 sky beasts
  5 black bears
  A hornet zombie (D:9)
  A necrophage (D:9)
  3 phantoms
  26 ogres
  A boggart (D:13)
  4 wolves (Lair:1)
  8 centaurs
  5 big kobolds
  A wyvern zombie (D:9)
  17 bullfrogs
  A wyvern skeleton (D:13)
  6 scorpions
  7 howler monkeys
  9 wights
  2 electric eels
  A bullfrog zombie (D:8)
  2 centaur zombies
  11 orc priests
  A quasit (D:8)
  6 hounds
  5 jellies
  16 orc wizards
  3 bullfrog skeletons
  8 iguanas
  12 worker ants
  A killer bee zombie (D:9)
  8 gnolls
  7 adders
  3 shadow imps
  3 white imps
  2 oozes
  2 adder zombies
  3 worms
  A dart slug (D:3)
  12 leopard geckos
  46 orcs
  2 ball pythons
  5 bats
  5 giant cockroaches
  10 goblins
  8 hobgoblins
  4 jackals
  17 kobolds
  4 quokkas
  6 frilled lizards
  A leopard gecko skeleton (D:4)
  3 leopard gecko zombies
  2 quokka skeletons (D:9)
  8 rats
  7 tentacles
721 creatures vanquished.

Vanquished Creatures (collateral kills)
  A merfolk javelineer (Shoals:4)
  2 merfolk impalers (Shoals:4)
  A merfolk avatar (Shoals:4)
4 creatures vanquished.

Vanquished Creatures (others)
  2 bushes (Lair:6)
  60 fungi
  124 plants
  22 tentacles
  2 withered plants (Lair:2)
210 creatures vanquished.

Grand Total: 935 creatures vanquished

Notes
Turn   | Place    | Note
-------+----------+-------------------------------------------
     0 | D:1      | catcat the Draconian Berserker began the quest for the Orb.
     0 | D:1      | Reached XP level 1. HP: 19/19 MP: 1/1
   167 | D:1      | Reached XP level 2. HP: 23/26 MP: 2/2
   374 | D:1      | Reached skill level 4 in Axes
   569 | D:2      | Reached ** piety under Trog
   570 | D:2      | Reached XP level 3. HP: 25/31 MP: 3/3
  1469 | D:2      | Reached XP level 4. HP: 29/38 MP: 4/4
  1612 | D:2      | Reached skill level 5 in Axes
  2298 | D:3      | Noticed Sigmund
  2305 | D:3      | Killed Sigmund
  2306 | D:3      | Reached skill level 6 in Axes
  2306 | D:3      | Reached XP level 5. HP: 46/46 MP: 5/5
  2306 | D:3      | Reached XP level 6. HP: 52/52 MP: 6/6
  2551 | D:3      | Reached *** piety under Trog
  3422 | D:4      | Reached skill level 5 in Fighting
  3683 | D:4      | Reached skill level 7 in Axes
  3683 | D:4      | Your scales start taking on a rich purple colour.
  3683 | D:4      | Reached XP level 7. HP: 46/61 MP: 7/7
  4163 | D:4      | Found a broken altar of Ashenzari.
  4190 | D:4      | Reached skill level 8 in Axes
  4545 | D:5      | Entered Level 5 of the Dungeon
  4985 | D:5      | Got a spiked buckler
  4991 | D:5      | Identified the +1 buckler of Tutzong {Dex+3} (You found it
                  | on level 5 of the Dungeon)
  5042 | D:5      | Reached skill level 1 in Shields
  5255 | D:5      | Reached XP level 8. HP: 59/68 MP: 8/8
  5381 | D:5      | Found a sacrificial altar of Ru.
  5625 | D:6      | Reached skill level 9 in Axes
  6019 | D:6      | Found a burning altar of Makhleb.
  6057 | D:6      | Reached **** piety under Trog
  6334 | D:7      | Noticed Menkaure
  6377 | D:7      | Found Zagep's Armour Boutique.
  6391 | D:7      | Found a staircase to the Ecumenical Temple.
  6611 | D:6      | Killed Menkaure
  6824 | D:7      | Got a vibrating jade ring
  6825 | D:7      | Identified the cursed ring "Zalemozaew" {AC-4 Str+6} (You
                  | found it on level 7 of the Dungeon)
  6889 | D:7      | Reached skill level 10 in Axes
  7018 | D:7      | Found a glowing golden altar of the Shining One.
  7386 | D:8      | Reached XP level 9. HP: 74/74 MP: 9/9
  7394 | D:8      | Noticed Joseph
  7408 | D:8      | Killed Joseph
  7424 | D:8      | Noticed Harold
  7697 | D:8      | Found a hide-covered altar of Uskayaw.
  7781 | D:8      | Reached skill level 11 in Axes
  7799 | D:8      | Noticed Prince Ribbit
  7826 | D:8      | Killed Prince Ribbit
  8099 | D:8      | Found an ornate altar of the Wu Jian Council.
  8130 | D:8      | Killed Harold
  8131 | D:8      | Reached skill level 5 in Dodging
  8131 | D:8      | Reached XP level 10. HP: 28/86 MP: 10/10
  8965 | D:9      | Reached skill level 12 in Axes
  9136 | D:9      | Found a white marble altar of Elyvilon.
  9350 | D:9      | Found an ornate altar of the Wu Jian Council.
  9376 | D:9      | Found a shimmering altar of Xom.
  9514 | D:9      | Found a shimmering altar of Xom.
  9515 | D:9      | Found a shimmering altar of Xom.
  9521 | D:9      | Found a shimmering altar of Xom.
  9521 | D:9      | Found a shimmering altar of Xom.
  9526 | D:9      | Found a shimmering altar of Xom.
  9528 | D:9      | Found a shimmering altar of Xom.
  9577 | D:9      | Paralysed by a hornet for 3 turns
  9617 | D:9      | Reached ***** piety under Trog
 10235 | D:9      | Noticed an ice dragon
 10243 | D:9      | Noticed a queen ant
 10243 | D:9      | an ice dragon changed into a queen ant
 10273 | D:10     | Entered Level 10 of the Dungeon
 10532 | D:10     | Found a stormy altar of Qazlal.
 10589 | D:10     | Found Voecegg's Weapon Shoppe.
 10974 | D:11     | Noticed a two-headed ogre
 10993 | D:10     | Killed a two-headed ogre
 10994 | D:10     | Reached skill level 13 in Axes
 11564 | D:11     | Noticed a cyclops
 11708 | D:11     | Killed a cyclops
 11709 | D:11     | Reached XP level 11. HP: 49/97 MP: 5/11
 11711 | D:11     | Identified the +8 flail "Upnuff" {vamp, SInv Stlth+}
 11916 | D:11     | Found a staircase to the Orcish Mines.
 11932 | D:11     | Noticed Fannar
 12288 | D:11     | Killed Fannar
 12486 | D:11     | Received a gift from Trog
 12905 | D:11     | Found a staircase to the Lair.
 13185 | Lair:1   | Entered Level 1 of the Lair of Beasts
 13937 | Lair:1   | Noticed Grum
 13956 | Lair:1   | Killed Grum
 14143 | Lair:1   | Noticed an ice dragon
 14165 | Lair:1   | Killed an ice dragon
 14166 | Lair:1   | Reached skill level 14 in Axes
 14557 | Lair:1   | Reached skill level 10 in Fighting
 15123 | Lair:2   | Noticed a seven-headed hydra
 15140 | Lair:1   | Killed a seven-headed hydra
 15610 | Lair:1   | Reached XP level 12. HP: 73/107 MP: 7/12
 16660 | Lair:1   | Reached skill level 15 in Axes
 16950 | Lair:2   | Found a runed translucent gate.
 16950 | Lair:2   | Found a runed translucent gate.
 16952 | Lair:2   | Found a runed translucent gate.
 16952 | Lair:2   | Noticed BoldKobold's ghost (novice TrBe)
 16954 | Lair:2   | Noticed Kada's ghost (journeyman OpTm)
 17151 | Lair:3   | Found a staircase to the Shoals.
 19083 | Lair:4   | Reached skill level 5 in Shields
 20355 | Lair:4   | Found a hole to the Spider Nest.
 20782 | Lair:5   | Noticed a death yak
 20800 | Lair:5   | Killed a death yak
 20801 | Lair:5   | Reached XP level 13. HP: 107/116 MP: 13/13
 21117 | Lair:5   | Reached skill level 16 in Axes
 21183 | Lair:5   | You fall into a shaft and drop 1 floor!
 21183 | Lair:6   | Entered Level 6 of the Lair of Beasts
 21774 | Lair:5   | Found a viscous altar of Jiyva.
 21775 | Lair:5   | Found a staircase to the Slime Pits.
 22546 | Lair:6   | Received a gift from Trog
 23496 | Lair:6   | Reached skill level 10 in Shields
 25037 | Lair:5   | Reached XP level 14. HP: 117/124 MP: 14/14
 25650 | Lair:6   | Reached skill level 17 in Axes
 26466 | Lair:2   | Killed Kada's ghost
 26477 | Lair:2   | Killed BoldKobold's ghost
 26776 | Orc:1    | Entered Level 1 of the Orcish Mines
 27295 | Orc:1    | Found a roughly hewn altar of Beogh.
 27447 | Orc:2    | Entered Level 2 of the Orcish Mines
 27664 | Orc:2    | Found a staircase to the Elven Halls.
 27678 | Orc:2    | Found a flickering gateway to a bazaar.
 27713 | Bazaar   | Entered a bazaar
 27752 | Bazaar   | Found Heazula's Antique Weapon Emporium.
 27764 | Bazaar   | Found Laepp's Antique Weapon Shoppe.
 27779 | Bazaar   | Found Xoocoiru's Antique Armour Shoppe.
 27791 | Bazaar   | Found Pasoo's Antique Armour Emporium.
 27814 | Bazaar   | Bought a pair of boots for 108 gold pieces
 27824 | Bazaar   | Bought a pair of embroidered gloves for 120 gold pieces
 28287 | Orc:2    | Reached skill level 18 in Axes
 28895 | Orc:2    | Found Rukkeibb's Armour Shoppe.
 28895 | Orc:2    | Found Uzuco's Armour Emporium.
 28898 | Orc:2    | Found Icaech's Antique Armour Emporium.
 28899 | Orc:2    | Found Naoc's Gadget Shop.
 29211 | Orc:2    | Found a roughly hewn altar of Beogh.
 29459 | D:12     | Identified a scroll of acquirement
 29460 | D:12     | Acquired 857 gold pieces
 29480 | D:12     | Noticed Rupert
 29504 | D:12     | Killed Rupert
 30904 | D:13     | Reached XP level 15. HP: 75/129 MP: 15/15
 31246 | D:13     | Reached ****** piety under Trog
 31720 | D:13     | Found a gate to the Vaults.
 31840 | D:13     | Reached skill level 19 in Axes
 32180 | D:13     | Noticed a storm dragon
 32194 | D:13     | Killed a storm dragon
 32738 | Shoals:1 | Entered Level 1 of the Shoals
 33139 | Shoals:1 | Received a gift from Trog
 33144 | Shoals:1 | Got a brightly glowing hand axe {god gift}
 34439 | Shoals:1 | Noticed a kraken
 34464 | Shoals:1 | Found Hodighak's Armour Boutique.
 34473 | Shoals:1 | Bought the cursed +0 pair of gloves "Xehag" {+Blink rF+
                  | SInv Stlth+} for 383 gold pieces
 35053 | Shoals:1 | Killed a kraken
 35727 | Shoals:1 | Reached skill level 20 in Axes
 35990 | Shoals:2 | Received a gift from Trog
 36316 | Shoals:2 | Got a bloodstained kite shield
 36662 | Shoals:1 | Identified the +4 kite shield "Acri" {rF+ rC- Str+3} (You
                  | found it on level 2 of the Shoals)
 37599 | Shoals:2 | Noticed Kirke
 37613 | Shoals:2 | Reached skill level 10 in Dodging
 37617 | Shoals:2 | Killed Kirke
 37618 | Shoals:2 | Reached XP level 16. HP: 139/139 MP: 16/16
 38287 | Shoals:2 | Noticed a kraken
 38320 | Shoals:2 | Killed a kraken
 39370 | Shoals:3 | Received a gift from Trog
 39910 | Shoals:3 | Found Neimniot's Jewellery Shoppe.
 39979 | Shoals:4 | Entered Level 4 of the Shoals
 40083 | Shoals:4 | Found Ykhun Royru's Magic Scroll Shop.
 40091 | Shoals:4 | Bought a scroll of blinking for 75 gold pieces
 40648 | Shoals:4 | Acquired the ring of Qunomics {rElec rN+ Will- Str+6
                  | Stlth+}
 41845 | Shoals:3 | Reached skill level 15 in Shields
 42273 | Shoals:4 | Engulfed by a cloud of freezing vapour

Illustrated notes

Levels and vault maps discovered:
D:1:      roderic_crop_circles_arrival_small, layout_basic
D:2:      minmay_chambers_of_ones, layout_basic
D:3:      layout_basic, uniq_sigmund
D:4:      layout_rooms, nicolae_ashenzari_panopticon
D:5:      layout_cave_pools, nicolae_ru_the_path_less_chosen
D:6:      layout_basic, basic_altar
D:7:      layout_rooms, minmay_temple_entry_from_below_a, serial_shops,
          nicolae_shop_behind_doors, chequers_serial_rivers_micro_d,
          tso_metal_star, uniq_menkaure
D:8:      layout_loops_ring, lemuel_doored_altar, general_overflow_altar,
          uniq_prince_ribbit1, uniq_joseph, uniq_harold
D:9:      layout_loops_ring, elyvilon_altar_4, xom_shifter_show, serial_undead,
          serial_undead_e, serial_undead_b, serial_undead_f, serial_undead_d,
          basic_altar
D:10:     layout_rooms, serial_shops, shop, minmay_misc_feat_four_crosses,
          amcnicky_altar_gilded
D:11:     layout_loops_ring, david_lair_shrubbed, erik_orc_4, uniq_fannar
D:12:     minmay_diamond_stairs, layout_long_grid, uniq_rupert, uniq_nessos
D:13:     layout_roguey, hangedman_vaults_entry_quadrant_bands,
          kennysheep_just_a_vault
Lair:1:   dragon1_lemuel, layout_hall_layers, uniq_grum
Lair:2:   layout_big_grid, gammafunk_ghost_cemetery, small_statue_intersection,
          gammafunk_lair_bear_cave
Lair:3:   layout_cave_pods, shoals_dummy_entry, grunt_megastairs_1
Lair:4:   layout_layer_cave, dummy_spider_entry, lemuel_fruit_tree
Lair:5:   layout_long_grid, slime_altar_1
Lair:6:   due_jungle_book, layout_loops_ring, chequers_serial_rivers_room_a
Shoals:1: layout_shoals, serial_shops, nicolae_shop_behind_doors
Shoals:2: layout_shoals, nicolae_shoals_water_shrine, uniq_kirke
Shoals:3: layout_shoals, serial_shops, nicolae_shop_stone
Shoals:4: shoals_end_grunt_ice, layout_shoals, serial_shops,
          nicolae_shop_temple_entry_statues_fountains, ldierk_geyser
Orc:1:    layout_caves, basic_altar, nicolae_orc_damp_corner
Orc:2:    st_orc_open, layout_caves, serial_shops, bzr_entry_islet, basic_altar

Skill      XL: |  1  2  3  4  5  6  7  8  9 10 11 12 13 14 15 16 |
---------------+-------------------------------------------------+-----
Axes           | 4 6 7 8 10 11 13 14 15 16 18 20 | 20.0
Dodging        | 3 4 5 6 8 9 10 | 10.2
Fighting       | 4 5 7 9 10 11 12 13 | 13.4
Shields        | 2 4 7 11 12 13 15 | 15.0

Action                   |  1- 3 |  4- 6 |  7- 9 | 10-12 | 13-15 | 16-18 || total
-------------------------+-------+-------+-------+-------+-------+-------++-------
Melee: Hand axe          |   126 |   170 |   392 |     5 |       |       ||   693
       Tailslap          |    16 |    30 |    83 |   173 |   337 |    90 ||   729
       Broad axe         |       |       |       |   798 |  1410 |   114 ||  2322
       Flail             |       |       |       |     7 |    15 |       ||    22
       War axe           |       |       |       |       |       |   291 ||   291
Throw: Dart              |       |       |       |     4 |    23 |     5 ||    32
       Throwing net      |       |       |       |       |     1 |       ||     1
Invok: Berserk           |     1 |     5 |     8 |     9 |    19 |     4 ||    46
       Brothers in Arms  |       |       |       |       |       |     2 ||     2
 Abil: Breathe Dispellin |       |       |       |       |     3 |     2 ||     5
Evoke: Wand              |       |       |       |     6 |     3 |       ||     9
  Use: Scroll            |       |     5 |     9 |    13 |     6 |     6 ||    39
 Stab: Sleeping          |       |     1 |     2 |     5 |     1 |       ||     9
       Distracted        |       |     1 |       |     1 |     1 |       ||     3
       Held in net/web   |       |       |       |       |     1 |       ||     1
Armor: Skin              |    33 |    39 |    84 |   192 |   206 |    25 ||   579
Dodge: Dodged            |    81 |    96 |   186 |   599 |   486 |   140 ||  1588
Block: Buckler           |       |       |    72 |   217 |    16 |       ||   305
       Tower shield      |       |       |       |   140 |  1491 |       ||  1631
       Reflection        |       |       |       |       |    50 |    26 ||    76
       Kite shield       |       |       |       |       |    28 |   355 ||   383
